 Dungeon Crawl Stone Soup version 0.28.0-43-g3370ac3207 (webtiles) character file.

Game seed: 2617514708260416444

3 H0rd4k the Magician (level 1, -2/10 HPs)
             Began as a Deep Elf Hedge Wizard on Mar 15, 2022.
             Slain by a hobgoblin (4 damage)
             ... on level 1 of the Dungeon.
             The game lasted 00:00:16 (48 turns).

H0rd4k the Magician (Deep Elf Hedge Wizard)           Turns: 48, Time: 00:00:17

Health: -2/10      AC:  2    Str:  7    XL:     1   Next: 41%
Magic:  2/8        EV: 12    Int: 18    God:
Gold:   0          SH:  0    Dex: 14    Spells: 8/9 levels left

rFire   . . .      SeeInvis .   a - +0 dagger
rCold   . . .      Faith    .   (no shield)
rNeg    . . .      Spirit   .   b - +0 robe
rPois   .          Reflect  .   c - +0 hat
rElec   .          Harm     .   (no cloak)
rCorr   .          Rampage  .   (no gloves)
Will    .....                   (no boots)
Stlth   ++........              (no amulet)
HPRegen 0.03/turn               (no ring)
MPRegen 0.11/turn               (no ring)

@: no status effects
A: no striking features
a: no special abilities


You were on level 1 of the Dungeon.
You visited 1 branch of the dungeon, and saw 1 of its levels.

Inventory:

Hand Weapons
 a - a +0 dagger (weapon)
Armour
 b - a +0 robe (worn)
 c - a +0 hat (worn)


   Skills:
 + Level 2.4 Dodging
 - Level 2.4 Stealth
 + Level 4.7 Spellcasting
 + Level 1.1 Conjurations
 + Level 1.1 Summonings
 + Level 1.1 Translocations


You had 8 spell levels left.
You knew the following spells:

 Your Spells              Type           Power      Damage    Failure   Level
a - Magic Dart            Conj           32%        1d4       9%          1

Your spell library contained the following spells:

 Spells                   Type           Power      Damage    Failure   Level
 Blink                    Tloc           16%        N/A       13%         2
 Call Imp                 Summ           8%         N/A       13%         2
 Slow                     Hex            16%        N/A       14%         1
 Conjure Flame            Conj/Fire      6%         6-21      32%         3
 Mephitic Cloud           Conj/Pois/Air  5%         N/A       34%         3


Dungeon Overview and Level Annotations

Branches:
Dungeon (1/15)

Altars:


Message History

The hobgoblin is almost dead.
A nearby plant withers and dies.
The bat completely misses the plant.
The hobgoblin hits you.
The magic dart hits the hobgoblin.
You kill the hobgoblin!
The bat hits the plant.
The plant begins to die.
The bat hits the plant.
The hobgoblin hits the plant.
The plant begins to die.
The magic dart hits the goblin.
The goblin is severely wounded.
A nearby plant withers and dies.
The bat hits the plant.
The plant begins to die.
The hobgoblin completely misses the plant.
The bat hits the plant.
The bat hits the plant.
The plant begins to die.
The hobgoblin hits the plant.
The plant begins to die.
The bat hits the plant.
The plant begins to die.
The bat hits the plant.
The hobgoblin hits the plant.
The bat hits the plant.
You hit the plant but do no damage.
A nearby plant withers and dies.
The bat hits the plant.
The plant begins to die.
The hobgoblin hits the plant.
The plant begins to die.
The bat hits the plant.
The goblin barely misses you.
You hit the plant but do no damage.
A nearby plant withers and dies.
The bat hits the plant. x3; The goblin hits you with a +0 club.
You hit the plant.
The plant begins to die.
The plant is lightly damaged.
A nearby plant withers and dies. x2; The bat hits the plant. x3
The goblin completely misses you.
You hit the plant but do no damage.
The plant is lightly damaged.
A nearby plant withers and dies. x2; The bat hits the plant. x3
The goblin barely misses you.
A nearby plant withers and dies.
The bat hits the plant. x3
A nearby plant withers and dies. x2; The bat hits the plant.
The plant begins to die.
The bat hits the plant.
The plant begins to die.
You hit the plant.
The plant begins to die.
The plant is lightly damaged.
The bat closely misses you. The goblin hits you with a +0 club.
* * * LOW HITPOINT WARNING * * *
The bat hits you but does no damage. The hobgoblin closely misses you.
The goblin hits you but does no damage. The hobgoblin hits you.
You die... #.# #.# #.# # .. #.# .# #.# #####.###.####. ...##PPPPPPPP...PPP #...#PPPPPP@......P ...#.PPPP..gPPPP...PPP# .....PPPbgPP...P...PPP# ...#.PPP.PP.PPP.P..PPP#

.....PP.PP.PP.P..PP.PP#
...#.PP...P..P.P..P.PP#
...#........PPP.P.P.PP#
#.......P..P.P.PP.P.PP#
.#.#[...PP.PP.PP.PP.PP#


You could see a hobgoblin, a goblin and a bat.

Vanquished Creatures
  A goblin (D:1)
  A hobgoblin (D:1)
  A ball python (D:1)
3 creatures vanquished.

Vanquished Creatures (others)
  31 plants (D:1)
31 creatures vanquished.

Grand Total: 34 creatures vanquished

Notes
Turn   | Place    | Note
-------+----------+-------------------------------------------
     0 | D:1      | H0rd4k the Deep Elf Hedge Wizard began the quest for the
                  | Orb.
     0 | D:1      | Reached XP level 1. HP: 10/10 MP: 7/7
    48 | D:1      | Slain by a hobgoblin

Illustrated notes

Levels and vault maps discovered:
D:1:      roderic_crop_circles_arrival_small, layout_loops_ring,
          hellmonk_ecumenical_altar_crossroads

Action                   || total
-------------------------++-------
Melee: Dagger            ||    11
 Cast: Magic Dart        ||     7
Armor: Robe              ||     2
Dodge: Dodged            ||     5
